 Dungeon Crawl Stone Soup version 0.21-a0-504-g2eda330 (webtiles) character file.

108 4thArraOfDagon the Firebug (level 4, 0/30 HPs)
             Began as a Barachi Fire Elementalist on Nov 25, 2017.
             Slain by a centaur skeleton (3 damage)
             ... on level 4 of the Dungeon.
             The game lasted 00:05:13 (869 turns).

4thArraOfDagon the Firebug (BaFE)                    Turns: 869, Time: 00:05:14

Health: 0/30       AC:  4    Str: 10    XL:     4   Next: 87%
Magic:  1/8        EV: 12    Int: 16    God:
Gold:   151        SH:  0    Dex: 12    Spells: 0/8 levels left

rFire    . . .     SeeInvis .   f - +0 long sword
rCold    . . .     Gourm    .   (no shield)
rNeg     . . .     Faith    .   e - +2 robe {MR+}
rPois    .         Spirit   .   (no helmet)
rElec    .         Reflect  .   (no cloak)
rCorr    .         Harm     +   (no gloves)
MR       +....                  (no boots)
Stlth    ++........             g - amulet of harm
HPRegen  0.10/turn              (no ring)
MPRegen  0.11/turn              (no ring)

@: lethally poisoned (0 -> -2), very slightly contaminated, slow
A: +LOS, swims, slowness 1, strong legs 1
a: Hop


You were on level 4 of the Dungeon.
You were not hungry.

You visited 1 branch of the dungeon, and saw 5 of its levels.

You collected 151 gold pieces.

Inventory:

Hand Weapons
 f - a +0 long sword (weapon)
Armour
 a - a +0 robe
 e - a +2 robe of magic resistance (worn)
Jewellery
 g - an amulet of harm (around neck)
Potions
 d - 2 potions of curing
 j - 2 potions of degeneration
 k - a potion of heal wounds
 l - a potion of magic
Books
 b - a book of Flames

   Spells                             Type                      Level
   a - Flame Tongue                   Conjuration/Fire             1
   b - Throw Flame                    Conjuration/Fire             2
   c - Conjure Flame                  Conjuration/Fire             3
   d - Inner Flame                    Hexes/Fire                   3
   e - Sticky Flame                   Conjuration/Fire             4
   f - Fireball                       Conjuration/Fire             5
Comestibles
 c - a bread ration
 h - a meat ration
 i - a royal jelly
 m - 2 chunks of flesh


   Skills:
 - Level 2.1 Dodging
 - Level 1.7 Stealth
 + Level 2.9 Spellcasting
 * Level 3.2 Conjurations
 * Level 4.5 Fire Magic


You couldn't memorise any spells.
You knew the following spells:

 Your Spells              Type           Power        Failure   Level  Hunger
a - Flame Tongue          Conj/Fire      ##...        3%          1    #......
b - Conjure Flame         Conj/Fire      ##......     12%         3    ###....
c - Sticky Flame          Conj/Fire      ##......     36%         4    #####..


Dungeon Overview and Level Annotations

Branches:
Dungeon (5/15)
 Temple: D:4-7

Altars:
Kikubaaqudgha
Qazlal
Wu Jian

Annotations:
D:3 Ijyb
D:5 Menkaure


Innate Abilities, Weirdness & Mutations

Shadows flee at your approach. (+LOS)
You can swim through water.
You cover ground slowly.
You can hop short distances.


Message History

You butcher the worker ant corpse.
You feel sick.
m - a chunk of flesh You see here a leopard gecko corpse.
Unknown command.
Eat a chunk of flesh? (ye/n/q)
You eat the chunk of flesh.
This raw flesh tastes terrible.
You feel sick.
You butcher the leopard gecko corpse.
m - 2 chunks of flesh You see here a leopard gecko skeleton.
You feel sick.
You feel sick.
The centaur skeleton hits you but does no damage.
The centaur skeleton hits you!
* * * LOW HITPOINT WARNING * * *
You hit the centaur skeleton.
The centaur skeleton is lightly damaged.
* * * LOW HITPOINT WARNING * * *
You feel sick. The centaur skeleton barely misses you.
The centaur skeleton hits you.
You die...

#.# . #.# .. .# ###
.# #.. ###.### #.#
#.....# #Z#
##.....# #@#
....... #.# #.....#
##.##########.....#
#....÷...(.........
#..#############.##
#..# # #..########
#. #.......... #..
#.######### ....


You could see a centaur skeleton.

Vanquished Creatures
  A bullfrog zombie (D:5)
  A worker ant (D:4)
  3 adders (D:4)
  2 dart slugs (D:2)
  2 leopard geckos
  4 orcs (D:5)
  A hobgoblin (D:1)
  A bat (D:1)
  4 frilled lizards
  2 rats (D:2)
21 creatures vanquished.

Notes
Turn   | Place    | Note
-------+----------+-------------------------------------------
     0 | D:1      | 4thArraOfDagon the Barachi Fire Elementalist began the quest for the Orb.
     0 | D:1      | Reached XP level 1. HP: 13/13 MP: 3/3
    11 | D:1      | You fall through a shaft!
   102 | D:1      | You fall through a shaft!
   107 | D:2      | Reached XP level 2. HP: 13/19 MP: 0/5
   190 | D:3      | Noticed Ijyb
   353 | D:4      | Found an ancient bone altar of Kikubaaqudgha.
   357 | D:4      | Found an ornate altar of the Wu Jian Council.
   412 | D:5      | Entered Level 5 of the Dungeon
   412 | D:5      | Noticed Menkaure
   418 | D:4      | Thaneod: jakiego bożnka szukasz?
   552 | D:5      | Noticed a centaur
   556 | D:5      | 4thArraOfDagon: veha
   621 | D:5      | Reached XP level 3. HP: 24/24 MP: 1/6
   723 | D:5      | Learned a level 3 spell: Conjure Flame
   730 | D:5      | Reached skill level 4 in Fire Magic
   730 | D:5      | Reached XP level 4. HP: 30/30 MP: 3/8
   779 | D:4      | Found a stormy altar of Qazlal.
   830 | D:4      | Learned a level 4 spell: Sticky Flame
   869 | D:4      | Slain by a centaur skeleton

Vault maps used:
D:1:      minmay_arrival_hallway, minmay_misc_feat_square
D:2:      tso_altar, first_bread, uniq_terence
D:3:      wad_lake_hut, uniq_crazy_yiuf_cottage, uniq_ijyb, uniq_sigmund
D:4:      kennysheep_mini, kennysheep_little_box, old_standard_altar
D:5:      nicolae_overflow_hidden_temple, uniq_menkaure

Skill      XL: |  1  2  3  4 |
---------------+-------------+-----
Conjurations   | 2 3 |  3.2
Fire Magic     | 4 |  4.5
Dodging        | |  2.1
Stealth        | |  1.7
Spellcasting   | |  2.9

Action                   |  1- 3 |  4- 6 || total
-------------------------+-------+-------++-------
Melee: Long sword        |     4 |     1 ||     5
 Cast: Flame Tongue      |    21 |    13 ||    34
       Conjure Flame     |     1 |       ||     1
 Abil: Hop               |     1 |       ||     1
  Use: Scroll            |     4 |     2 ||     6
  Eat: Chunk             |       |     1 ||     1
Armor: Robe              |     5 |     4 ||     9
Dodge: Dodged            |    11 |     4 ||    15
       Rpst.: Long sword |     2 |     2 ||     4

Table legend:
 A = Spawn XP
 B = Non-spawn XP
 C = Spawn XP percentage of total XP
 D = Spawn monster count
 E = Non-spawn monster count
 F = Spawn count percentage of total count
 G = Total turns spent on level
                    A         B        C        D         E        F      G
               +---------+---------+-------+---------+---------+-------+---------
         Total |       0 |     155 |   0.0 |       0 |      21 |   0.0 |   869
               +---------+---------+-------+---------+---------+-------+---------
           D:1 |       0 |       6 |   0.0 |       0 |       3 |   0.0 |    97
           D:2 |       0 |      10 |   0.0 |       0 |       4 |   0.0 |   104
           D:3 |       0 |       1 |   0.0 |       0 |       1 |   0.0 |   149
           D:4 |       0 |      75 |   0.0 |       0 |       6 |   0.0 |   288
           D:5 |       0 |      63 |   0.0 |       0 |       7 |   0.0 |   231
               +---------+---------+-------+---------+---------+-------+---------
